 Dungeon Sprint DCSS version 0.28-a0-1199-gef9e1dbd39 (webtiles) character file.

Game seed: 6787876629524928120

275 mhtbhm the Spear-Bearer (level 6, -2/64 HPs)
             Began as a Minotaur Berserker on Dec 20, 2021.
             Was a Priest of Trog.
             Slain by a wandering mushroom (11 damage)
             ... in the Dungeon (Sprint IV: "Fedhas' Mad Dash").
             The game lasted 00:01:12 (788 turns).

mhtbhm the Spear-Bearer (Minotaur Berserker)         Turns: 788, Time: 00:01:12

Health: -2/64      AC: 12    Str: 23    XL:     6   Next: 3%
Magic:  4/5        EV:  8    Int:  4    God:    Trog [***...]
Gold:   84         SH:  0    Dex: 10    Spells: 5/5 levels left

rFire   . . .      SeeInvis .   a - +0 spear
rCold   . . .      Faith    .   (no shield)
rNeg    . . .      Spirit   .   b - +0 plate armour
rPois   .          Reflect  .   (helmet restricted)
rElec   .          Harm     .   (no cloak)
rCorr   .          Rampage  .   (no gloves)
Will    .....      NoTele   +   (no boots)
Stlth   ..........              i - amulet of invisibility {+Inv}
HPRegen 0.20/turn               (no ring)
MPRegen 0.09/turn               (no ring)

@: on berserk cooldown, very slightly contaminated, slowed, very slow
A: horns 2, retaliatory headbutt
a: Renounce Religion, Evoke Invisibility, Berserk, Trog's Hand


You were in the Dungeon.
You worshipped Trog.
Trog was most pleased with you.
You visited 1 branch You collected 84 gold pieces.

Inventory:

Hand Weapons
 a - a +0 spear (weapon)
Missiles
 k - 6 javelins (quivered)
Armour
 b - a +0 plate armour (worn)
Jewellery
 i - the amulet of invisibility (around neck) {+Inv}
   (You found it in the Dungeon)

   [amulet of nothing]

   +Inv:      It lets you turn invisible.
Scrolls
 h - a scroll of blinking
 j - a scroll of identify {unknown}
Potions
 d - a potion of heal wounds
 e - a potion of haste
 f - 2 potions of magic
 g - a potion of berserk rage


   Skills:
 + Level 9.4 Fighting
 + Level 10.6 Polearms
 + Level 5.6 Armour
 + Level 4.7 Dodging
 + Level 1.0 Evocations


You had 5 spell levels left.
You didn't know any spells.
Your spell library was empty.

Dungeon Overview and Level Annotations

Branches:
Dungeon (1/1)

Altars:
Cheibriados
Dithmenos
Elyvilon
Gozag
Hepliaklqana
Kikubaaqudgha
Makhleb
Nemelex Xobeh
Okawaru
Qazlal
Ru
Sif Muna
Trog
Uskayaw
Vehumet
Wu Jian
Xom
Yredelemnul
Zin
The Shining One
Beogh
Jiyva
Lugonu

Shops:
D :*


Innate Abilities, Weirdness & Mutations

You have a pair of horns on your head.
You reflexively headbutt those who attack you in melee.


Message History

You barely miss the wandering mushroom. You headbutt the wandering mushroom.
The wandering mushroom is heavily damaged.
You flicker for a moment.
The wandering mushroom releases spores at you but does no damage.
You're too confused to move!
The wandering mushroom releases spores at you!
You are engulfed in a cloud of spores!
The wandering mushroom releases spores at you.
You are engulfed in a cloud of spores!
The wandering mushroom completely misses you.
Unknown command.
You puncture the wandering mushroom! You headbutt the wandering mushroom!
The wandering mushroom is heavily damaged.
The wandering mushroom closely misses you.
The wandering mushroom releases spores at you!
You are engulfed in a cloud of spores!
You bump into the stone wall.
The wandering mushroom closely misses you.
The wandering mushroom releases spores at you.
You are engulfed in a cloud of spores!
You are more confused.
You hit the wandering mushroom.
The wandering mushroom is heavily damaged.
The wandering mushroom barely misses you.
The wandering mushroom releases spores at you.
* * * LOW HITPOINT WARNING * * *
You are engulfed in a cloud of spores!
You hit the wandering mushroom.
The wandering mushroom is heavily damaged.
The wandering mushroom completely misses you.
The wandering mushroom barely misses you.
Unknown command.
You bump into the stone wall.
You flicker back into view.
You feel less confused.
The wandering mushroom barely misses you.
The wandering mushroom releases spores at you.
* * * LOW HITPOINT WARNING * * *
You are engulfed in a cloud of spores!
The wandering mushroom releases spores at you!
You die...

################### ####
._._._._.⌠.#..)...# ...#
_._._._._..'.)#...# ..P+
._._._._...#..###f##.$$#
_._._._._..#..##@fs'...#
._._._._.⌠.#############
############


You could see 2 wandering mushrooms and a scorpion.

Vanquished Creatures
  2 scorpions (D)
  3 oklob saplings (D)
  2 spriggans (D)
  A river rat (D)
  A rat (D)
9 creatures vanquished.

Notes
Turn   | Place    | Note
-------+----------+-------------------------------------------
     0 | D        | mhtbhm the Minotaur Berserker began the quest for the Orb.
     0 | D        | Reached XP level 1. HP: 19/19 MP: 0/0
    11 | D        | Reached skill level 4 in Polearms
    11 | D        | Reached XP level 2. HP: 12/28 MP: 1/1
   409 | D        | Noticed an oklob sapling
   410 | D        | Killed an oklob sapling
   411 | D        | Reached skill level 5 in Fighting
   411 | D        | Reached skill level 6 in Polearms
   411 | D        | Reached XP level 3. HP: 37/37 MP: 2/2
   475 | D        | Noticed a scorpion
   475 | D        | Found the amulet of invisibility {+Inv}
   478 | D        | Killed a scorpion
   478 | D        | Reached ** piety under Trog
   479 | D        | Reached skill level 7 in Polearms
   479 | D        | Reached XP level 4. HP: 47/47 MP: 3/3
   514 | D        | Found an opulent altar of Gozag.
   514 | D        | Found a hazy altar of Hepliaklqana.
   514 | D        | Found a burning altar of Makhleb.
   514 | D        | Found a sparkling altar of Nemelex Xobeh.
   514 | D        | Found a snail-covered altar of Cheibriados.
   514 | D        | Found a sacrificial altar of Ru.
   514 | D        | Found a shimmering blue altar of Sif Muna.
   514 | D        | Found a shimmering altar of Xom.
   514 | D        | Found a basalt altar of Yredelemnul.
   525 | D        | Found a viscous altar of Jiyva.
   525 | D        | Found a bloodstained altar of Trog.
   525 | D        | Found an ornate altar of the Wu Jian Council.
   526 | D        | Found an iron altar of Okawaru.
   526 | D        | Found a shadowy altar of Dithmenos.
   526 | D        | Found a glowing silver altar of Zin.
   527 | D        | Found an ancient bone altar of Kikubaaqudgha.
   527 | D        | Found a hide-covered altar of Uskayaw.
   528 | D        | Found a stormy altar of Qazlal.
   528 | D        | Found a white marble altar of Elyvilon.
   528 | D        | Found a glowing golden altar of the Shining One.
   529 | D        | Found a corrupted altar of Lugonu.
   529 | D        | Found a radiant altar of Vehumet.
   535 | D        | Reached skill level 8 in Polearms
   535 | D        | Reached XP level 5. HP: 53/53 MP: 1/4
   676 | D        | Reached skill level 9 in Polearms
   709 | D        | Reached skill level 5 in Armour
   710 | D        | Reached *** piety under Trog
   711 | D        | Reached skill level 10 in Polearms
   711 | D        | Reached skill level 1 in Evocations
   713 | D        | Reached XP level 6. HP: 64/64 MP: 5/5
   756 | D        | Found Puqef's General Store.
   756 | D        | Found Mikhlud's Book Emporium.
   771 | D        | Noticed a burning bush
   771 | D        | Noticed a wandering mushroom
   772 | D        | Noticed a wandering mushroom
   788 | D        | Slain by a wandering mushroom

Illustrated notes

Levels and vault maps discovered:
D:        dungeon_sprint_fedhas [sprint_temple]

Skill      XL: |  1  2  3  4  5 |
---------------+----------------+-----
Fighting       | 4 5 7 8 9 |  9.4
Polearms       | 4 6 7 8 10 | 10.6
Armour         | 3 4 5 |  5.6
Dodging        | 3 4 |  4.7
Evocations     | 1 |  1.0

Action                   |  1- 3 |  4- 6 || total
-------------------------+-------+-------++-------
Melee: Spear             |    11 |    16 ||    27
       Headbutt          |       |     6 ||     6
Invok: Berserk           |     2 |     4 ||     6
 Abil: Evoke Invisibilit |       |     2 ||     2
  Use: Potion            |       |     1 ||     1
 Stab: Invisible         |       |     1 ||     1
Armor: Plate armour      |     1 |     4 ||     5
Dodge: Dodged            |     6 |     8 ||    14

Table legend: (Time is in decaauts)
 A = Elapsed time spent in this place.
 B = Non-inter-level travel time spent in this place.
 C = Inter-level travel time spent in this place.
 D = Time resting spent in this place.
 E = Time spent auto-exploring this place.
 F = Levels seen in this place.
 G = Mean time per level.
                   A        B        C        D        E       F      G
               +--------+--------+--------+--------+--------+-----+--------+
         Total |    823 |    823 |      0 |    667 |      3 |   1 |  823.0 |
       Dungeon |    823 |    823 |      0 |    667 |      3 |   1 |  823.0 |
               +--------+--------+--------+--------+--------+-----+--------+

Top non-repeatable levels by time:
       D: 823 daAuts
